 Dungeon Crawl Stone Soup version 0.22.1-2-g9c5b331 (webtiles) character file.

1361 Gearfox the Skirmisher (level 8, 0/73 HPs)
             Began as a Red Draconian Berserker on Dec 1, 2018.
             Was a Priest of Trog.
             Slain by a gnoll
             ... wielding a cursed +0 club
              (1 damage)
             ... on level 5 of the Dungeon.
             The game lasted 00:22:01 (5407 turns).

Gearfox the Skirmisher (Red Draconian Berserker)    Turns: 5407, Time: 00:22:04

Health: 0/73       AC:  7    Str: 24    XL:     8   Next: 37%
Magic:  10/10      EV: 13    Int:  8    God:    Trog [***...]
Gold:   241        SH:  0    Dex: 10    Spells: 7/7 levels left

rFire    + . .     SeeInvis .   q - +0 great sword
rCold    + . .     Gourm    .   (shield currently unavailable)
rNeg     + . .     Faith    .   (armour unavailable)
rPois    +         Spirit   .   (helmet restricted)
rElec    .         Reflect  .   r - +0 cloak
rCorr    .         Harm     .   (no gloves)
MR       ++...                  (no boots)
Stlth    +.........             (no amulet)
HPRegen  1.22/turn              l - ring of positive energy
MPRegen  0.12/turn              e - ring of protection from cold

@: short of breath, berserk cooldown, regenerating, slowed, very slow
A: breathe fire, unfitting armour, fire resistance 1, sense surroundings 1,
poison resistance, strong 1, cold-blooded, AC +6
a: Breathe Fire, Berserk, Trog's Hand, Renounce Religion


You were on level 5 of the Dungeon.
You worshipped Trog.
Trog was most pleased with you.
You were very hungry.

You visited 1 branch of the dungeon, and saw 5 of its levels.

You collected 241 gold pieces.

Inventory:

Hand Weapons
 a - a +1 falchion
 q - a +0 great sword (weapon)
Armour
 r - a +0 cloak (worn)
Jewellery
 e - a ring of protection from cold (right hand)
 f - an uncursed ring of magical power
 k - an uncursed amulet of harm
 l - a ring of positive energy (left hand)
Wands
 m - a wand of random effects (31)
Scrolls
 c - a scroll of fear
 i - a scroll of remove curse
Potions
 d - 3 potions of brilliance
 g - a potion of ambrosia {unknown}
 h - a potion of curing
 j - a potion of might {unknown}
 n - a potion of flight {unknown}
 o - 3 potions of degeneration {unknown}
Comestibles
 b - 7 rations
 p - 2 chunks of flesh


   Skills:
 * Level 7.1 Fighting
 - Level 7.0 Long Blades
 + Level 4.8 Dodging
 - Level 3.2 Evocations


You had 7 spell levels left.
You didn't know any spells.
Your spell library was empty.

Dungeon Overview and Level Annotations

Branches:
Dungeon (5/15)
 Temple: D:4-7

Altars:
Elyvilon
Fedhas
Qazlal
Trog
Zin


Innate Abilities, Weirdness & Mutations

You can breathe blasts of fire.
Your fiery red scales are hard. (AC +6)
You cannot fit into any form of body armour.
Your flesh is heat resistant. (rF+)
You are cold-blooded and may be slowed by cold attacks.
You passively map a small area around you.
Your system is resistant to poisons. (rPois)
Your muscles are strong. (Str +2)


Message History

The gnoll barely misses you.
The crimson imp hits you but does no damage.
The crimson imp blinks!
Unknown command.
Okay, then.
Press: ? - help, Shift-Dir - straight line, f - orc
Aim: an orc, wielding a whip You breathe a blast of fire.
The fiery breath hits the gnoll shaman.
The gnoll shaman is almost dead.
The fiery breath misses the gnoll. x2; The fiery breath misses the orc.
You are feeling very hungry.
The gnoll hits you from afar with a halberd of chopping!
* * * LOW HITPOINT WARNING * * *
x2 The orc is engulfed in blazing flames.
You kill the orc!
Trog accepts your kill. The gnoll shaman misses you. The gnoll misses you.
The gnoll shaman hits you but does no damage.
The gnoll hits you with a club.
You die...

*#. #..##.##.# ##. , ..
##..##....# #. * #..,
##.##### #. .. ##.....## #. ,
, ..*#.<###..## #. , * ,
*.##.## ##..## #. , *# *,
...# ##..## ##. *##. ##,
*##5.# ##.|# ##.. .#...#% *
#@.# ##.###..#
......[#####gg# #.....##
#....)))gg.#g§#########..####
,
..#.#####g(gg................
* ###.§.#########..#### *
##..## #..# #####...### ##.##
, #.........## ##..## , * *
#..........# #....#


You could see a gnoll shaman, 4 gnolls and a crimson imp.

Vanquished Creatures
  The ghost of Paps the Shield-Bearer, an amateur DsFi (D:5)
  Grinder (D:4)
  Menkaure (D:5)
  Purgy (D:3)
  An ogre (D:4)
  A centaur (D:5)
  2 bullfrogs (D:5)
  A hound (D:4)
  3 orc priests
  Crazy Yiuf (D:5)
  An orc wizard (D:5)
  Jessica (D:3)
  An iguana (D:4)
  A worker ant (D:4)
  Natasha (thrice) (D:2)
  4 adders
  A gnoll (D:1)
  A river rat (D:5)
  An ooze (D:4)
  An adder zombie (D:5)
  2 adder skeletons
  A worm (D:3)
  A leopard gecko (D:1)
  16 orcs
  7 bats
  4 giant cockroaches
  5 goblins
  4 hobgoblins
  4 jackals
  2 quokkas
  4 ball pythons
  A ball python skeleton (D:4)
  6 frilled lizards
  10 kobolds
  5 rats
100 creatures vanquished.

Notes
Turn   | Place    | Note
-------+----------+-------------------------------------------
     0 | D:1      | Gearfox the Draconian Berserker began the quest for the
                  | Orb.
     0 | D:1      | Reached XP level 1. HP: 19/19 MP: 1/1
   200 | D:1      | Reached XP level 2. HP: 26/26 MP: 2/2
   767 | D:1      | Reached XP level 3. HP: 31/31 MP: 3/3
  1063 | D:2      | Noticed Natasha
  1068 | D:2      | Reached ** piety under Trog
  1071 | D:2      | Killed Natasha
  1146 | D:2      | Found a blossoming altar of Fedhas.
  1249 | D:2      | Reached XP level 4. HP: 34/39 MP: 4/4
  1365 | D:2      | Noticed Natasha
  1372 | D:2      | Killed Natasha
  1546 | D:2      | Gained mutation: You passively map a small area around you.
                  | [potion of mutation]
  1546 | D:2      | Gained mutation: Your muscles are strong. (Str +2) [potion
                  | of mutation]
  1546 | D:2      | Gained mutation: Your system is resistant to poisons.
                  | (rPois) [potion of mutation]
  1834 | D:2      | Noticed Natasha
  1843 | D:2      | Killed Natasha
  1843 | D:2      | Reached skill level 5 in Long Blades
  2288 | D:3      | Reached XP level 5. HP: 24/45 MP: 5/5
  2665 | D:3      | Noticed Purgy
  2674 | D:3      | Killed Purgy
  2674 | D:3      | Reached XP level 6. HP: 50/51 MP: 6/6
  2959 | D:3      | Found a glowing silver altar of Zin.
  3025 | D:3      | Noticed Jessica
  3039 | D:3      | Killed Jessica
  3488 | D:4      | Found a bloodstained altar of Trog.
  3490 | D:4      | Found a blossoming altar of Fedhas.
  3498 | D:4      | Found a stormy altar of Qazlal.
  3577 | D:4      | Found a white marble altar of Elyvilon.
  3759 | D:4      | Noticed Grinder
  3776 | D:4      | Killed Grinder
  3776 | D:4      | Your scales start taking on a fiery red colour.
  3776 | D:4      | Reached XP level 7. HP: 50/57 MP: 6/9
  3776 | D:4      | Gained mutation: Your flesh is heat resistant. (rF+) [Red
                  | Draconian growth]
  4688 | D:5      | Entered Level 5 of the Dungeon
  4696 | D:5      | Reached *** piety under Trog
  4715 | D:5      | Found a runed door.
  4720 | D:5      | Noticed Paps's ghost (amateur DsFi)
  4759 | D:5      | Killed Paps's ghost
  4759 | D:5      | Reached skill level 5 in Fighting
  4762 | D:5      | Reached XP level 8. HP: 70/70 MP: 10/10
  4767 | D:5      | Found a runed door.
  4821 | D:5      | Noticed Menkaure
  4830 | D:5      | Killed Menkaure
  5303 | D:5      | Found a runed door.
  5307 | D:5      | Noticed Crazy Yiuf
  5310 | D:5      | Killed Crazy Yiuf
  5404 | D:5      | HP: 3/73 [gnoll/halberd of chopping (2)]
  5407 | D:5      | HP: 1/73 [gnoll/halberd of chopping (1)]
  5407 | D:5      | Slain by a gnoll

Skill      XL: |  1  2  3  4  5  6  7  8 |
---------------+-------------------------+-----
Long Blades    | 4 5 6 7 |  7.0
Evocations     | 3 |  3.2
Fighting       | 5 7 |  7.1
Dodging        | 4 |  4.8

Action                   |  1- 3 |  4- 6 |  7- 9 || total
-------------------------+-------+-------+-------++-------
Melee: Falchion          |    69 |    98 |    51 ||   218
       Tailslap          |     6 |    12 |    14 ||    32
       Great sword       |       |       |    31 ||    31
Invok: Berserk           |     1 |     6 |     5 ||    12
       Trog's Hand       |       |       |     2 ||     2
 Abil: Breathe Fire      |       |       |     5 ||     5
Evoke: Wand              |       |     2 |       ||     2
  Use: Scroll            |     4 |     6 |     2 ||    12
       Potion            |       |     1 |     1 ||     2
 Stab: Sleeping          |     1 |       |       ||     1
  Eat: Chunk             |     1 |     9 |     5 ||    15
       Ration            |     1 |       |     2 ||     3
Armor: Skin              |    30 |    32 |    29 ||    91
Dodge: Dodged            |    70 |    68 |    88 ||   226
       Rpst.: Falchion   |    32 |    17 |    13 ||    62
       Great sword       |       |       |     9 ||     9
